 Dungeon Crawl Stone Soup version 0.30-a0-743-gbfdf073431 (webtiles) character file.

Game seed: 6257713026386343515

16025 Dirtsage the Carver (level 12, 0/66 HPs)
             Began as a Vine Stalker Monk on Feb 7, 2023.
             Was a High Priest of Zin.
             Slain by an eight-headed hydra (5 damage)
             ... on level 3 of the Lair of Beasts.
             The game lasted 00:33:15 (9999 turns).

Dirtsage the Carver (Vine Stalker Monk)             Turns: 9999, Time: 00:33:15

Health: 0/66       AC: 12    Str: 19    XL:     12   Next: 33%
Magic:  0/17       EV: 14    Int: 20    God:    Zin [*****.]
Gold:   715        SH:  0    Dex: 23    Spells: 11/11 levels left

rFire   . . .      SeeInvis .    n - +4 dagger of the Immovable Knaves {distort, rElec Str+4 Int+4}
rCold   . . .      Faith    .    (no shield)
rNeg    . . .      Spirit   +    j - +0 leather armour
rPois   ∞          Reflect  .    (no helmet)
rElec   +          Harm     .    (no cloak)
rCorr   .          Rampage  .    (no gloves)
Will    +....                    C - +0 pair of boots
Stlth   +++++                    (no amulet)
HPRegen 1.11/turn                p - +4 ring of protection
MPRegen 0.15/turn                o - +4 ring of protection

@: vitalised
A: fangs 3, regeneration 1, magic shield, antimagic bite, no potion heal 2,
clever 1, wild magic 1
a: Renounce Religion, Recite, Vitalisation, Imprison, Sanctuary, Donate Gold


You were on level 3 of the Lair of Beasts.
You worshipped Zin.
Zin was extremely pleased with you.
You visited 3 branches of the dungeon, and saw 14 of its levels.
You also visited: Bailey.

You collected 794 gold pieces.
You donated 79 gold pieces to Zin.

Inventory:

Hand Weapons
 e - a +0 triple sword
 g - a +2 short sword of speed
 n - the +4 dagger of the Immovable Knaves (weapon) {distort, rElec Str+4 Int+4}
   (You found it on level 2 of the Dungeon)

   Str:       It affects your strength (+4).
   Int:       It affects your intelligence (+4).
   rElec:     It insulates you from electricity.
 L - a +4 heavy scimitar
Missiles
 u - 6 curare-tipped darts (quivered)
Armour
 b - a +0 robe
 j - a +0 leather armour (worn)
 w - a +1 scale mail of positive energy
 x - a +0 helmet
 C - a +0 pair of boots (worn)
Magical Staves
 I - a staff of conjuration
Jewellery
 o - a +4 ring of protection (right hand)
 p - a +4 ring of protection (left hand)
Wands
 s - a wand of mindburst (18)
 z - a wand of charming (32)
 D - a wand of digging (3)
 H - a wand of flame (45)
Scrolls
 a - a scroll of enchant armour {unknown}
 h - a scroll of brand weapon
 k - 2 scrolls of vulnerability
 t - 9 scrolls of teleportation
 y - 2 scrolls of enchant weapon
 B - a scroll of poison {unknown}
 F - a scroll of fog
 G - a scroll of fear {unknown}
 K - a scroll of magic mapping {unknown}
Potions
 c - 2 potions of ambrosia
 d - a potion of might
 f - 3 potions of magic {unknown}
 i - a potion of haste {unknown}
 l - 9 potions of heal wounds
 m - a potion of resistance {unknown}
 q - 3 potions of curing
 r - 2 potions of cancellation
 v - 3 potions of flight
 A - a potion of brilliance {unknown}
 E - 3 potions of lignification {unknown}
 J - 3 potions of invisibility {unknown}
Miscellaneous
 M - a phantom mirror


   Skills:
 + Level 9.3 Fighting
 * Level 12.8 Long Blades
 + Level 3.1 Armour
 + Level 4.1 Dodging
 - Level 10.0 Stealth
 * Level 5.4 Invocations


You had 11 spell levels left.
You didn't know any spells.
Your spell library contained the following spells:

 Spells                   Type           Power      Damage    Failure   Level
 Apportation              Tloc           0%         N/A       30%         1
 Kiss of Death            Conj/Necr      0%         2d5       30%         1
 Magic Dart               Conj           0%         1d3       30%         1
 Necrotise                Necr           0%         1d4       30%         1
 Sandblast                Erth           0%         2d4       30%         1
 Summon Small Mammal      Summ           0%         N/A       30%         1
 Call Imp                 Summ           0%         N/A       43%         2
 Passwall                 Tmut/Erth      0%         N/A       43%         2
 Scorch                   Fire           0%         2d5       43%         2
 Call Canine Familiar     Summ           0%         N/A       65%         3
 Confusing Touch          Hex            0%         N/A       65%         3
 Mephitic Cloud           Conj/Pois/Air  0%         N/A       65%         3
 Ozocubu's Armour         Ice            0%         N/A       65%         3
 Portal Projectile        Hex/Tloc       0%         N/A       65%         3
 Stone Arrow              Conj/Erth      0%         3d7       65%         3
 Vhi's Electric Charge    Tloc/Air       0%         N/A       65%         3
 Dispel Undead            Necr           0%         3d6       95%         4
 Flame Wave               Conj/Fire      0%         2d4       95%         4
 Leda's Liquefaction      Hex/Erth       0%         N/A       95%         4
 Arcjolt                  Conj/Air       0%         1d10      100%        5
 Summon Cactus Giant      Summ           0%         N/A       100%        6
 Ozocubu's Refrigeration  Ice            0%         4d7       100%        7
 Maxwell's Capacitive Co  Air            0%         ∞         100%        8


Dungeon Overview and Level Annotations

Branches:
Dungeon (10/15)            Temple (1/1) D:6            Lair (3/5) D:8
 Bailey (visited)
  Swamp: Lair:2-3    Shoals: Lair:2-3     Snake: Lair:2-3    Spider: Lair:2-3
    Orc: D:9-12

Altars:
Ashenzari
Cheibriados
Dithmenos
Elyvilon
Fedhas
Gozag
Hepliaklqana
Kikubaaqudgha
Makhleb
Nemelex Xobeh
Okawaru
Qazlal
Ru
Sif Muna
Trog
Uskayaw
Vehumet
Wu Jian
Zin
The Shining One

Annotations:
D:5 2 runed translucent doors, MoonlitKnight's ghost, novice MfGl
Abyss:1 Grinder


Innate Abilities, Weirdness & Mutations

You have razor-sharp teeth.
Your natural rate of healing is unusually fast.
When hurt, damage is shared between your health and your magic reserves.
Your bite disrupts and absorbs the magic of your enemies.
Potions cannot restore your health.
Your mind is acute. (Int +4, Str/Dex -1)
Your spells are a little harder to cast, but a little more powerful.


Message History

You hear the loud beating of a very distant drum.
The eight-headed hydra roars!
You hit the eight-headed hydra.
Space warps around the eight-headed hydra.
The eight-headed hydra is lightly wounded.
The eight-headed hydra misses you.
The eight-headed hydra barely misses you.
The eight-headed hydra misses you. The eight-headed hydra bites you!
The eight-headed hydra bites you but does no damage.
The eight-headed hydra bites you! x3
You take 31 damage, and have 35/66 hp.
MASSIVE DAMAGE!!
You now have 9/17 mp.
You hit the eight-headed hydra.
Space warps around the eight-headed hydra.
You bite the eight-headed hydra! You drain its power.
You feel invigorated.
The eight-headed hydra is moderately wounded.
MP restored: 17 You hit the eight-headed hydra.
Space warps horribly around the eight-headed hydra!!
You bite the eight-headed hydra. You drain its power.
The eight-headed hydra is severely wounded.
The eight-headed hydra barely misses you.
The eight-headed hydra bites you! The eight-headed hydra bites you.
The eight-headed hydra closely misses you.
The eight-headed hydra bites you!
The eight-headed hydra bites you but does no damage.
The eight-headed hydra bites you.
* * * LOW HITPOINT WARNING * * *
The eight-headed hydra bites you but does no damage.
You take 17 damage, and have 18/66 hp.
MASSIVE DAMAGE!!
You now have 9/17 mp.
You hit the eight-headed hydra.
Space warps around the eight-headed hydra.
The eight-headed hydra is almost dead.
The eight-headed hydra bites you but does no damage.
The eight-headed hydra bites you!
* * * LOW HITPOINT WARNING * * *
The eight-headed hydra bites you!
* * * LOW HITPOINT WARNING * * *
The eight-headed hydra bites you but does no damage.
The eight-headed hydra misses you. The eight-headed hydra bites you!
You die...

#..#..#.♣♣~~~~~~ ♣♣.###...#
.......♣♣≈~≈~≈≈ ♣♣...##..##
......♣♣...~~~ ♣.....#...#
.......♣♣..♣♣♣♣♣♣♣.........#
...........................#
...........................#
.................<.........#
...............D...........#
................@..........#
...........................#
..P#.......................#
.####......................#
.# #..............#..PP.#.##
##...........###########
#...........# ..........P.


You could see an eight-headed hydra.

Vanquished Creatures
  A hydra (Lair:3)
  Pikel (D:5)
  An elephant (Lair:2)
  A black mamba (Lair:1)
  2 gargoyles
  A cane toad (Lair:1)
  2 komodo dragons
  2 hornets (D:9)
  A blink frog (Lair:1)
  Eustachio (D:5)
  16 yaks
  A basilisk (Lair:1)
  Menkaure (D:5)
  2 steam dragons
  3 vampire mosquitoes (D:10)
  A swamp worm (Lair:3)
  An acid dragon (D:7)
  2 water moccasins
  Duvessa (D:7)
  A sky beast (D:7)
  2 orc warriors (D:8)
  2 black bears
  3 ice beasts
  An ogre (D:4)
  11 wolves
  3 centaurs
  A lemure (D:5)
  2 phantoms
  3 kobold brigands
  7 bullfrogs
  2 gnoll sergeants
  3 scorpions
  4 wights (D:8)
  Dowan (D:7)
  12 killer bees
  2 howler monkeys (D:5)
  9 vampire bats (Bailey)
  6 wolf zombies (Bailey)
  5 electric eels (D:9)
  2 jellies
  4 orc priests
  A hound (D:7)
  Jessica (D:3)
  6 iguanas
  3 orc wizards
  7 adders
  11 gnolls
  A shadow imp (D:5)
  A white imp (D:6)
  2 worms (D:4)
  3 dart slugs
  14 orcs
  4 endoplasms
  A giant cockroach (D:4)
  7 goblins
  3 hobgoblins
  A jackal (D:1)
  2 quokkas (D:2)
  5 ball pythons
  4 bats (D:1)
  2 frilled lizards (D:2)
  15 kobolds
  18 orc zombies (Bailey)
  4 rats
243 creatures vanquished.

Vanquished Creatures (others)
  11 fungi
  18 plants
29 creatures vanquished.

Grand Total: 272 creatures vanquished

Notes
Turn   | Place    | Note
-------+----------+-------------------------------------------
     0 | D:1      | Dirtsage the Vine Stalker Monk began the quest for the Orb.
     0 | D:1      | Reached XP level 1. HP: 11/11 MP: 2/2
    81 | D:1      | Reached skill level 3 in Long Blades
   156 | D:1      | Reached XP level 2. HP: 12/16 MP: 1/3
   784 | D:2      | Reached XP level 3. HP: 20/20 MP: 4/4
   907 | D:2      | Identified the +4 dagger of the Immovable Knaves {distort,
                  | rElec Str+4 Int+4}
   998 | D:2      | Gained mutation: Your natural rate of healing is unusually
                  | fast. [Vine Stalker growth]
   998 | D:2      | Reached XP level 4. HP: 24/24 MP: 5/5
  1206 | D:2      | Reached skill level 4 in Long Blades
  1324 | D:3      | Noticed Jessica
  1329 | D:3      | Killed Jessica
  1428 | D:3      | Found a faded altar of an unknown god.
  2033 | D:4      | Noticed a phantom
  2038 | D:4      | Banished a phantom
  2039 | D:4      | Reached XP level 5. HP: 29/29 MP: 6/6
  2073 | D:4      | Noticed an ogre
  2083 | D:4      | Killed an ogre
  2084 | D:4      | Reached skill level 5 in Long Blades
  2084 | D:4      | Reached XP level 6. HP: 33/33 MP: 7/7
  2241 | D:4      | Noticed Grinder
  2242 | D:4      | Paralysed by Grinder for 5 turns
  2256 | D:4      | Banished Grinder
  2257 | D:4      | Reached skill level 6 in Long Blades
  2257 | D:4      | Reached XP level 7. HP: 23/38 MP: 4/8
  2597 | D:5      | Entered Level 5 of the Dungeon
  2620 | D:5      | Reached skill level 5 in Fighting
  2698 | D:5      | Noticed Menkaure
  2711 | D:5      | Killed Menkaure
  2712 | D:5      | Reached skill level 7 in Long Blades
  2712 | D:5      | Gained mutation: You have razor-sharp teeth. [Vine Stalker
                  | growth]
  2712 | D:5      | Reached XP level 8. HP: 43/43 MP: 9/9
  2986 | D:5      | Noticed Eustachio
  2999 | D:5      | Killed Eustachio
  3000 | D:5      | Reached skill level 8 in Long Blades
  3000 | D:5      | Reached skill level 5 in Stealth
  3005 | D:5      | Noticed Pikel
  3036 | D:5      | Killed Pikel
  3037 | D:5      | Reached XP level 9. HP: 49/49 MP: 10/10
  3104 | D:5      | Found a large runed translucent door.
  3104 | D:5      | Found a large runed translucent door.
  3105 | D:5      | Noticed MoonlitKnight's ghost (novice MfGl)
  3483 | D:5      | Reached skill level 9 in Long Blades
  4294 | D:6      | Found a staircase to the Ecumenical Temple.
  4303 | Temple   | Entered the Ecumenical Temple
  4524 | Temple   | Became a worshipper of Elyvilon the Healer
  4524 | Temple   | Reached * piety under Elyvilon
  4524 | Temple   | Reached ** piety under Elyvilon
  4722 | D:7      | Noticed Dowan
  4726 | D:7      | Noticed Duvessa
  4732 | D:7      | Killed Duvessa
  4738 | D:7      | HP: 2/50 [Dowan/+0 dagger (6)]
  4739 | D:7      | Elyvilon protects you from harm!
  4915 | D:7      | Reached XP level 10. HP: 34/55 MP: 11/11
  4985 | D:7      | Reached skill level 10 in Long Blades
  5254 | D:7      | Killed Dowan
  5287 | D:7      | Saving game... please wait.
  5614 | D:8      | Reached *** piety under Elyvilon
  5720 | D:8      | Found a staircase to the Lair.
  5772 | D:8      | Found a radiant altar of Vehumet.
  5889 | D:8      | Found a transporter.
  6231 | D:8      | Found a blossoming altar of Fedhas.
  6617 | D:9      | Reached skill level 11 in Long Blades
  6899 | D:9      | Found a flagged portal.
  6911 | Bailey   | Entered a bailey
  6911 | Bailey   | Reached **** piety under Elyvilon
  6971 | Bailey   | Noticed a gargoyle
  6982 | Bailey   | Killed a gargoyle
  6983 | Bailey   | Reached XP level 11. HP: 47/60 MP: 8/12
  7063 | Bailey   | Elyvilon protects you from harm!
  7163 | Bailey   | Identified the +1 leather armour "Vylekaed" {rElec rCorr}
  7263 | Bailey   | Reached skill level 10 in Stealth
  7520 | D:9      | Found a glowing golden altar of the Shining One.
  7685 | D:9      | Found a hazy altar of Hepliaklqana.
  7686 | D:9      | Found a glowing silver altar of Zin.
  7712 | D:9      | Gained mutation: You are covered in fur. (AC +1) [potion of
                  | mutation]
  7712 | D:9      | Gained mutation: You are robust. (+10% HP) [potion of
                  | mutation]
  7712 | D:9      | Gained mutation: Your body sometimes deteriorates upon
                  | taking damage. [potion of mutation]
  7713 | D:9      | Lost mutation: You are covered in fur. (AC +1) [potion of
                  | mutation]
  7713 | D:9      | Lost mutation: You are robust. (+10% HP) [potion of
                  | mutation]
  7713 | D:9      | Lost mutation: Your body sometimes deteriorates upon taking
                  | damage. [potion of mutation]
  7713 | D:9      | Gained mutation: Your body sometimes deteriorates upon
                  | taking damage. [potion of mutation]
  7713 | D:9      | Gained mutation: You have a pair of small horns on your
                  | head. [potion of mutation]
  7713 | D:9      | Gained mutation: Your flesh is cold resistant. (rC+)
                  | [potion of mutation]
  7714 | D:9      | Lost mutation: Your flesh is cold resistant. (rC+) [potion
                  | of mutation]
  7714 | D:9      | Lost mutation: Your body sometimes deteriorates upon taking
                  | damage. [potion of mutation]
  7714 | D:9      | Gained mutation: You have supernaturally acute eyesight.
                  | (SInv) [potion of mutation]
  7714 | D:9      | Gained mutation: You expend magic power (3 MP) to
                  | strengthen your wands. [potion of mutation]
  7715 | D:9      | Lost mutation: You expend magic power (3 MP) to strengthen
                  | your wands. [potion of mutation]
  7715 | D:9      | Lost mutation: You have a pair of small horns on your head.
                  | [potion of mutation]
  7715 | D:9      | Lost mutation: You have supernaturally acute eyesight.
                  | (SInv) [potion of mutation]
  7715 | D:9      | Gained mutation: You are dopey. (Int -2) [potion of
                  | mutation]
  7716 | D:9      | Lost mutation: You are dopey. (Int -2) [potion of mutation]
  7716 | D:9      | Gained mutation: Your spells are a little harder to cast,
                  | but a little more powerful. [potion of mutation]
  7716 | D:9      | Gained mutation: Your mind is acute. (Int +4, Str/Dex -1)
                  | [potion of mutation]
  7717 | D:9      | Fell from the grace of Elyvilon
  7717 | D:9      | Became a worshipper of Zin the Law-Giver
  7717 | D:9      | Reached * piety under Zin
  7717 | D:9      | Reached ** piety under Zin
  7717 | D:9      | Reached *** piety under Zin
  7755 | D:10     | Entered Level 10 of the Dungeon
  7762 | D:10     | Reached skill level 1 in Invocations
  7881 | D:10     | Reached **** piety under Zin
  7924 | D:10     | Found an opulent altar of Gozag.
  8051 | Lair:1   | Entered Level 1 of the Lair of Beasts
  8061 | Lair:1   | Reached skill level 1 in Armour
  8085 | Lair:1   | Reached skill level 12 in Long Blades
  8802 | Lair:1   | Noticed an oklob plant
  8816 | Lair:1   | Banished an oklob plant
  8839 | Lair:1   | Reached ***** piety under Zin
  9231 | Lair:2   | Reached XP level 12. HP: 56/66 MP: 12/16
  9855 | Lair:2   | Reached skill level 5 in Invocations
  9900 | Lair:3   | Noticed an eight-headed hydra
  9900 | Lair:3   | Noticed a six-headed hydra
  9919 | Lair:3   | Killed a six-headed hydra
  9999 | Lair:3   | Slain by an eight-headed hydra

Illustrated notes

Levels and vault maps discovered:
D:1:      scummos_arrival_gate, layout_basic, minmay_pentomino_v4
D:2:      layout_basic
D:3:      layout_basic, chequers_ecumenical_altar_simple, uniq_jessica
D:4:      layout_loops_cross, uniq_grinder
D:5:      layout_basic, ebering_ghost_disaster_area, feat_on_display,
          uniq_pikel, uniq_eustachio, uniq_menkaure
D:6:      layout_rooms, minmay_temple_entry_poolview
D:7:      layout_loops_ring, minmay_crystal_water, minmay_strange_pillars,
          serial_park_tiny_pond, st_stairs_11, uniq_duvessa
D:8:      layout_loops_corners, fedhas_altar_fruit_tree, vehumet_crystals,
          grunt_lair_entry_orc_guard_hut, nicolae_diode_basic
D:9:      layout_basic, tso_altar, nicolae_overflow_squiral, enter_bailey_3,
          dk_noncrumbling_3, serial_bayou_lake_a
D:10:     layout_roguey, lemuel_mausoleum_altar_yredelemnul,
          grunt_temple_overflow_open, serial_shops, nicolae_lakefront_shop,
          uniq_maurice
Temple:   dpeg_chambers_temple
Lair:1:   layout_small_grid, grunt_forest_large_clearing_hut
Lair:2:   layout_gridlike, nicolae_lair_grove_arrangements,
          lemuel_another_geyser, serial_bayou_shore_b
Lair:3:   layout_hall_layers, palyth_hydra_swamp_entry,
          nicolae_spider_entry_tight_spaces, gauntlet_entry_generic,
          grunt_forest_large_clearings, uniq_rupert

Skill      XL: |  1  2  3  4  5  6  7  8  9 10 11 12 |
---------------+-------------------------------------+-----
Long Blades    | 3 4 5 6 7 8 9 11 12 | 12.8
Fighting       | 3 4 5 6 7 8 9 |  9.3
Stealth        | 3 6 7 9 10 | 10.0
Invocations    | 4 5 |  5.4
Armour         | 2 3 |  3.1
Dodging        | 3 4 |  4.1

Action                     |  1- 3 |  4- 6 |  7- 9 | 10-12 || total
---------------------------+-------+-------+-------+-------++-------
  Melee: Falchion          |    26 |       |       |       ||    26
         Bite              |    15 |     9 |    45 |   173 ||   242
         Short sword       |    34 |       |       |       ||    34
         Dagger            |    11 |    36 |   165 |   534 ||   746
         Punch             |       |     1 |     2 |     9 ||    12
  Throw: Dart              |       |     3 |     1 |     6 ||    10
         Throwing net      |       |       |       |     1 ||     1
 Invoke: Recite            |       |       |       |     2 ||     2
         Vitalisation      |       |       |       |     2 ||     2
    Use: Scroll            |       |       |     6 |     4 ||    10
         Potion            |       |       |       |     7 ||     7
   Stab: Sleeping          |     6 |     1 |     7 |    18 ||    32
         Distracted        |       |       |     1 |       ||     1
         Held in net/web   |       |       |       |     1 ||     1
 Armour: Robe              |     5 |       |       |       ||     5
         Leather armour    |     7 |     4 |    43 |   198 ||   252
  Dodge: Dodged            |    38 |    11 |    91 |   370 ||   510

Table legend: (Time is in decaauts)
 A = Elapsed time spent in this place.
 B = Non-inter-level travel time spent in this place.
 C = Inter-level travel time spent in this place.
 D = Time resting spent in this place.
 E = Time spent auto-exploring this place.
 F = Levels seen in this place.
 G = Mean time per level.
                   A        B        C        D        E       F      G
               +--------+--------+--------+--------+--------+-----+--------+
         Total |   9790 |   9112 |    678 |    278 |   6829 |  15 |  652.7 |
       Dungeon |   7168 |   6609 |    559 |    278 |   4940 |  10 |  716.8 |
        Temple |    248 |    205 |     43 |      0 |    191 |   1 |  248.0 |
          Lair |   1868 |   1792 |     76 |      0 |   1418 |   3 |  622.7 |
        Bailey |    504 |    504 |      0 |      0 |    279 |   1 |  504.0 |
               +--------+--------+--------+--------+--------+-----+--------+

Top non-repeatable levels by time:
     D:5: 1186 daAuts
     D:8: 1088 daAuts
  Lair:1: 947 daAuts
  Lair:2: 807 daAuts
     D:7: 782 daAuts
     D:1: 764 daAuts
     D:4: 734 daAuts
     D:9: 648 daAuts
     D:6: 604 daAuts
     D:3: 571 daAuts
     D:2: 543 daAuts
  Bailey: 504 daAuts
  Temple: 248 daAuts
    D:10: 245 daAuts
  Lair:3: 113 daAuts
